 Dungeon Sprint DCSS version 0.31.0-9-g3a7656b989 (webtiles) character file.

Game seed: 5583845754112910734

32 Groucho the Ducker (level 3, -9/19 HPs)
             Began as a Felid Shapeshifter on Jan 26, 2024.
             Was a Priest of Trog.
             Mangled by a crocodile (14 damage)
             ... in the Dungeon (Sprint VII: "The Pits").
             The game lasted 00:01:36 (415 turns).

Groucho the Ducker (Felid Shapeshifter)              Turns: 415, Time: 00:01:37

Health: -9/19      AC:  1    Str: 12    XL:     3   Next: 10%
Magic:  4/4        EV: 18    Int: 13    God:    Trog [***...]
Gold:   0          SH:  0    Dex: 15    Spells: 2/2 levels left
                                        Lives:  0   Deaths: 1

rFire   . .          .
                       - Unarmed
rCold   . . .        (shield unavailable)
rNeg    . . .        (body armour unavailable)
rPois   .            (helmet unavailable)
rElec   .            (cloak unavailable)
rCorr   .            (gloves unavailable)
SInv    +            (boots unavailable)
Will    .....        (no amulet)
Stlth   ++           (no ring)
HPRegen 0.23/turn    (no ring)
MPRegen 0.09/turn

%: no teleportation
@: beast-form
A: beast (slay +2), very small, claws 1, fangs 3, see invisible, shaggy fur 1,
stealthy paws, no weapons or thrown items, no armour, multi-lived
a: Begin Untransformation, Renounce Religion, Berserk, Trog's Hand


You were in the Dungeon.
You worshipped Trog.
Trog was most pleased with you.
You were a hulking beast.
You visited 1 branch

Inventory:

Talismans
 b - a beast talisman
 c - a flux talisman
Scrolls
 i - a scroll of blinking
 k - 2 scrolls of vulnerability
 l - 5 scrolls of amnesia
 m - a scroll of butterflies
Potions
 a - a potion of lignification
 d - 5 potions of curing
 e - 6 potions of heal wounds
 f - a potion of haste
 g - 4 potions of magic
 h - 3 potions of berserk rage
 j - 2 potions of invisibility


   Skills:
 + Level 2.7 Fighting
 + Level 4.5 Dodging
 + Level 3.6 Stealth
 + Level 4.0 Unarmed Combat
 + Level 3.5 Shapeshifting


You had 2 spell levels left.
You didn't know any spells.
Your spell library was empty.

Dungeon Overview and Level Annotations

Branches:
Dungeon (1/1)

Altars:
Ashenzari
Cheibriados
Dithmenos
Elyvilon
Fedhas
Gozag
Hepliaklqana
Kikubaaqudgha
Makhleb
Nemelex Xobeh
Okawaru
Qazlal
Ru
Sif Muna
Trog
Uskayaw
Vehumet
Wu Jian
Xom
Yredelemnul
Zin
The Shining One
Jiyva
Lugonu


Innate Abilities, Weirdness & Mutations

You are a hulking beast.
Your limbs bulge with bestial killing power. (Slay +2)
You have sharp claws.
You have razor-sharp teeth.
You have supernaturally acute eyesight. (SInv)
You are covered in fur. (AC +1)
Your paws help you pounce on unaware monsters.
You are incapable of wielding weapons or throwing items.
You cannot wear armour.
You gain extra lives every three experience levels.


Message History

There is an open door here.
You open the door.
An endoplasm comes into view.
The endoplasm quivers.
The endoplasm closely misses you.
You claw the endoplasm!
You kill the endoplasm!
Trog accepts your kill.
No target in view!
No target in view!
A jelly, a black bear and a crocodile come into view.
There is an open door here.
There is an open door here.
There is an open door here.
You claw the crocodile!
The crocodile is moderately wounded.
The crocodile closely misses you.
You scratch the crocodile.
The crocodile is heavily wounded.
The crocodile misses you.
You scratch the crocodile.
The crocodile is heavily wounded.
The crocodile closely misses you.
You scratch the crocodile.
The crocodile is severely wounded.
The crocodile bites you!
Ouch! That really hurt!
* * * LOW HITPOINT WARNING * * *
The crocodile drags you backwards!
You are too injured to fight recklessly!
You are too injured to fight recklessly!
You are too injured to fight recklessly!
You barely miss the crocodile.
The crocodile is severely wounded.
The crocodile completely misses you.
You barely miss the crocodile. You bite the crocodile.
The crocodile is severely wounded.
The crocodile bites you!
Ouch! That really hurt!
You die...

#.......÷..÷'.....
#'#####'#####.....
#.#.....#..##.....
#.#..†).#))#####'#
#.###)###))##.....
#.#.....#))##.....
#.#.....#[[##.....
#.####'##)###...<.
#h#.....)..##.....
#l#........##.....
#'###########.....
#......J# ######
#...#...# #...# .#
#.##. #.. #l #..
..


You could see a crocodile.

Vanquished Creatures
  A gnoll (D)
  An ufetubus (D)
  An orc (D)
  An endoplasm (D)
  A giant cockroach (D)
  7 jackals (D)
  A frilled lizard (D)
  2 kobolds (D)
15 creatures vanquished.

Notes
Turn   | Place    | Note
-------+----------+-------------------------------------------
     0 | D        | Groucho the Felid Shapeshifter began the quest for the Orb.
     0 | D        | Reached XP level 1. HP: 10/10 MP: 2/2
    35 | D        | Found a bloodstained altar of Trog.
    35 | D        | Found a shimmering blue altar of Sif Muna.
    35 | D        | Found a viscous altar of Jiyva.
    35 | D        | Found a hazy altar of Hepliaklqana.
    35 | D        | Found an opulent altar of Gozag.
    36 | D        | Found a glowing golden altar of the Shining One.
    36 | D        | Found a glowing silver altar of Zin.
    36 | D        | Found a basalt altar of Yredelemnul.
    36 | D        | Found a shimmering altar of Xom.
    36 | D        | Found an ornate altar of the Wu Jian Council.
    36 | D        | Found a sacrificial altar of Ru.
    36 | D        | Found a stormy altar of Qazlal.
    36 | D        | Found an iron altar of Okawaru.
    36 | D        | Found a sparkling altar of Nemelex Xobeh.
    36 | D        | Found a burning altar of Makhleb.
    36 | D        | Found a blossoming altar of Fedhas.
    36 | D        | Found a white marble altar of Elyvilon.
    36 | D        | Found a shadowy altar of Dithmenos.
    36 | D        | Found a snail-covered altar of Cheibriados.
    38 | D        | Found a radiant altar of Vehumet.
    38 | D        | Found a corrupted altar of Lugonu.
    40 | D        | Became a worshipper of Trog the Wrathful
    41 | D        | Found an ancient bone altar of Kikubaaqudgha.
    41 | D        | Found a hide-covered altar of Uskayaw.
    41 | D        | Found a broken altar of Ashenzari.
    63 | D        | Reached * piety under Trog
    64 | D        | Reached XP level 2. HP: 9/15 MP: 3/3
   312 | D        | Reached ** piety under Trog
   313 | D        | Slain by an orc
   313 | D        | Lost a life (0 lives remaining)
   343 | D        | Reached *** piety under Trog
   345 | D        | Reached XP level 3. HP: 18/19 MP: 4/4
   397 | D        | Noticed a black bear
   397 | D        | Noticed a crocodile
   415 | D        | Mangled by a crocodile

Illustrated notes

Levels and vault maps discovered:
D:        pitsprint [storerooms_1, entrance_room_1, metal_vault_6, armoury_1,
          mini_pit_1, grid_room_1, main_hall_1, silver_pit, the_coven_1,
          the_vestibule_1, steel_vault_3, golden_pit, hallway_of_sentries,
          crystal_vault_1, iron_vault_4, final_vault]

Skill      XL: |  1  2 |
---------------+-------+-----
Dodging        | 3 4 |  4.5
Stealth        | 2 3 |  3.6
Shapeshifting  | 3 |  3.5
Fighting       | 2 |  2.7
Unarmed Combat | 4 |  4.0

Action                     || total
---------------------------++-------
  Melee: Unarmed           ||    36
         Bite              ||     4
    Use: Potion            ||     1
 Armour: Skin              ||    16
  Dodge: Dodged            ||    18
